 Dungeon Crawl Stone Soup version 0.26.0-3-g156281e41b (webtiles) character file.

Game seed: 7045664139729142481

46553 dolemite99 the Severer (level 14, -13/109 (122) HPs)
             Began as a Hill Orc Fighter on Jan 10, 2021.
             Was an Elder of Makhleb.
             Killed from afar by an orc sorcerer (35 damage)
             ... with a bolt of negative energy
             ... led by an orc knight
             ... on level 1 of the Orcish Mines.
             The game lasted 00:34:01 (32255 turns).

dolemite99 the Severer (Hill Orc Fighter)          Turns: 32255, Time: 00:34:01

HP:   -13/109 (122) AC: 19    Str: 30    XL:     14   Next: 38%
MP:   21/21         EV:  8    Int:  8    God:    Makhleb [****..]
Gold: 1696          SH:  0    Dex: 10    Spells: 13/13 levels left

rFire    + . .     SeeInvis .   b - +0 battleaxe
rCold    + . .     Faith    +   (shield currently unavailable)
rNeg     . . .     Spirit   .   G - +0 plate armour
rPois    .         Reflect  .   Q - +0 helmet
rElec    .         Harm     .   B - scarf {rC+ rF+}
rCorr    .         Rampage  .   w - +1 pair of gloves
Will     +....                  s - +0 pair of boots
Stlth    ..........             A - amulet of faith
HPRegen  0.28/turn              Y - +6 ring of strength
MPRegen  0.17/turn              y - ring of flight

@: about to teleport, heavily drained
A: no striking features
a: Renounce Religion, Evoke Flight, Minor Destruction, Lesser Servant of
Makhleb, Major Destruction


You were on level 1 of the Orcish Mines.
You worshipped Makhleb.
Makhleb was greatly pleased with you.
You visited 3 branches of the dungeon, and saw 18 of its levels.
You also visited: Ossuary.

You collected 1696 gold pieces.

Inventory:

Hand Weapons
 a - a +3 longbow
 b - a +0 battleaxe (weapon)
 O - a +1 morningstar of protection
 V - a +1 vorpal dire flail
Missiles
 g - 275 arrows
Armour
 s - a +0 pair of boots (worn)
 t - a +0 cloak
 w - a +1 pair of gloves (worn)
 B - a scarf of resistance (worn)
 G - a +0 plate armour (worn)
 Q - a +0 helmet (worn)
Magical Staves
 z - an uncursed staff of death
 U - an uncursed staff of fire
Jewellery
 i - an uncursed ring of positive energy
 j - an uncursed amulet of guardian spirit {unknown}
 y - a ring of flight (right hand)
 A - an amulet of faith (around neck)
 W - an uncursed ring of ice
 Y - a +6 ring of strength (left hand)
Wands
 c - a wand of paralysis (7)
 f - a wand of polymorph (10)
 H - a wand of flame (23)
 L - a wand of iceblast (6)
 T - a wand of random effects (58)
Scrolls
 e - 7 scrolls of teleportation
 h - 8 scrolls of remove curse {@r2}
 k - a scroll of vulnerability
 n - 7 scrolls of amnesia
 q - 2 scrolls of random uselessness
 u - 2 scrolls of identify {@r1}
 K - 2 scrolls of magic mapping
 X - a scroll of enchant weapon
Potions
 d - a potion of brilliance {unknown}
 l - 3 potions of lignification
 r - 2 potions of ambrosia
 x - 2 potions of resistance
 D - 2 potions of berserk rage
 E - 3 potions of curing
 I - a potion of magic
 J - 3 potions of haste
 M - 7 potions of attraction
 N - 7 potions of might
 P - a potion of cancellation
 S - 2 potions of flight
Miscellaneous
 v - a condenser vane (inert)
 Z - a box of beasts (inert)


   Skills:
 - Level 10.8 Fighting
 - Level 17.0 Axes
 + Level 9.1 Bows
 - Level 9.9 Armour
 - Level 4.7 Shields
 - Level 10.4 Invocations
 - Level 10.6 Evocations


You had 13 spell levels left.
You didn't know any spells.
Your spell library contained the following spells:

 Spells                   Type           Power        Failure   Level
 Animate Skeleton         Necr           0%           97%         1
 Freeze                   Ice            0%           97%         1
 Pain                     Necr           0%           97%         1
 Frozen Ramparts          Ice            0%           100%        3
 Ozocubu's Armour         Ice            0%           100%        3
 Vampiric Draining        Necr           0%           100%        3
 Animate Dead             Necr           0%           100%        4
 Hailstorm                Conj/Ice       0%           100%        4
 Summon Ice Beast         Ice/Summ       0%           100%        4
 Agony                    Necr           0%           100%        5


Dungeon Overview and Level Annotations

Branches:
Dungeon (11/15)            Temple (0/1) D:4            Lair (6/6) D:8
  Swamp (0/4) Lair:2       Spider (0/4) Lair:2        Slime (0/5) Lair:5
    Orc (1/2) D:9         Ossuary (visited)

Altars:
Dithmenos
Elyvilon
Hepliaklqana
Makhleb
Ru
Trog
Uskayaw
Xom
Yredelemnul
The Shining One
Jiyva

Annotations:
D:3 1 runed translucent door
D:9 3 runed translucent doors
Lair:1 exclusion: downstairs
Lair:5 1 runed translucent door, exclusion: oklob plant
Lair:6 3 runed translucent doors, exclusion: 3 oklob plants, zureal's ghost, journeyman MiBe


Message History

There are monsters nearby!
There are monsters nearby!
There are monsters nearby!
You are too injured to fight recklessly!
b - a +0 battleaxe (weapon)
An orc wizard comes into view. It is wielding a +0 dagger.
The orc warrior throws a boomerang.
The boomerang closely misses you.
The weapon returns to the orc warrior!
The orc sorcerer mumbles some strange words.
As you read the scroll of teleportation, it crumbles to dust.
You feel strangely unstable.
The sentinel's mark upon you fades away.
The orc knight hits you from afar with a +0 bardiche!!
* * * LOW HITPOINT WARNING * * *
The orc warrior closely misses you.
The hellwing hits you but does no damage. x2
The orc sorcerer casts a spell at you.
The bolt of negative energy misses the sun demon.
The bolt of negative energy hits you!!
You feel drained.
You die... .... ..#. ...###To. ..#.#.. .... ..o.o# ...... .ooh

.....#
...#####3o####....#
..#.#...[4..#.....#.
#((..>.(@o(##.......
#..(...##(..........
##....^ #.#....(#.
.##......####..#.##
##.........).#(## #
#.....###.....##
..... ###)...#
#...####.)..#.#
#.......)..#..#


You could see 2 orc knights, a sun demon (summoned), a hellwing (summoned), a
troll, a warg, an orc sorcerer (strong), 3 orc warriors and an orc wizard
(strong).

Vanquished Creatures
  Josephine (D:11)
  Harold (Lair:2)
  5 hydras
  A death yak (Lair:5)
  A bog body (Lair:2)
  A lindwurm (Lair:3)
  A wolf spider (Lair:6)
  An orb spider (Lair:2)
  9 black mambas
  A guardian serpent (Lair:6)
  10 cane toads
  2 torpor snails
  A centaur skeleton (D:10)
  11 rime drakes
  9 komodo dragons
  A polar bear (Lair:5)
  2 hornets (Lair:6)
  6 blink frogs
  10 dream sheep
  5 wyverns (Lair:6)
  2 redbacks (Lair:6)
  35 yaks
  2 wraiths
  3 basilisks
  6 steam dragons (Lair:2)
  A warg (Orc:1)
  28 water moccasins
  Duvessa (D:5)
  9 orc warriors
  4 black bears
  An ice beast (D:6)
  2 sky beasts
  A phantom (D:10)
  12 wolves
  10 ogres
  12 centaurs
  16 bullfrogs
  A wyvern skeleton (D:8)
  5 scorpions
  Dowan (D:5)
  3 electric eels
  2 howler monkeys
  A bullfrog zombie (D:6)
  6 hounds
  A gnoll shaman (D:6)
  A bullfrog skeleton (D:4)
  3 jellies
  6 orc priests
  15 orc wizards
  3 iguanas
  2 worker ants
  A big kobold zombie (Ossuary)
  A hound zombie (D:7)
  9 mummies
  15 gnolls
  12 adders
  A howler monkey skeleton (D:11)
  4 shadow imps
  4 white imps
  An adder skeleton (D:5)
  3 worms
  A dart slug (D:1)
  3 leopard geckos
  49 orcs
  A ball python (D:2)
  7 giant cockroaches
  3 gnoll zombies (Ossuary)
  8 goblins
  6 hobgoblins
  4 jackals (D:6)
  5 kobolds
  3 quokkas
  8 bats
  11 frilled lizards
  4 hobgoblin zombies (Ossuary)
  A kobold zombie (D:5)
  A leopard gecko skeleton (D:5)
  A leopard gecko zombie (D:5)
  An orc zombie (D:5)
  A quokka skeleton (D:4)
  A quokka zombie (D:5)
  9 rats
453 creatures vanquished.

Vanquished Creatures (collateral kills)
  Fannar (Lair:2)
  A boulder beetle (D:11)
  A two-headed ogre (D:9)
  A catoblepas (D:9)
  Erica (D:9)
  An ugly thing (D:11)
  3 black mambas
  Psyche (D:11)
  2 cane toads (Lair:4)
  Maggie (D:8)
  A komodo dragon (Lair:2)
  4 rime drakes (Lair:2)
  A troll (D:9)
  A dream sheep (Lair:4)
  2 wraiths (D:11)
  A redback (Lair:6)
  4 yaks
  5 steam dragons (Lair:2)
  3 water moccasins
  A sky beast (D:9)
  4 orc warriors (D:9)
  3 black bears
  A phantom (D:9)
  4 ogres
  A wolf (Lair:4)
  3 bullfrogs
  2 scorpions
  3 orc priests (D:9)
  A hound (D:9)
  A bullfrog skeleton (D:9)
  An iguana (D:8)
  4 orc wizards (D:9)
  3 worker ants
  A hound skeleton (D:8)
  A worker ant zombie (D:8)
  An adder (D:8)
  An adder skeleton (D:9)
  22 orcs
  A giant cockroach (D:8)
  A quokka (D:8)
95 creatures vanquished.

Vanquished Creatures (others)
  A cane toad (Lair:2)
  A howler monkey skeleton (D:9)
  66 fungi
  204 plants
272 creatures vanquished.

Grand Total: 820 creatures vanquished

Notes
Turn   | Place    | Note
-------+----------+-------------------------------------------
     0 | D:1      | dolemite99 the Hill Orc Fighter began the quest for the
                  | Orb.
     0 | D:1      | Reached XP level 1. HP: 19/19 MP: 1/1
    33 | D:1      | Reached skill level 3 in Axes
   110 | D:1      | Reached XP level 2. HP: 23/26 MP: 2/2
   223 | D:1      | Reached skill level 4 in Axes
   596 | D:1      | Reached XP level 3. HP: 31/31 MP: 3/3
   834 | D:2      | Found a shimmering altar of Xom.
   839 | D:2      | Reached skill level 5 in Axes
  1228 | D:2      | Reached XP level 4. HP: 36/39 MP: 4/4
  1413 | D:2      | Reached skill level 6 in Axes
  1983 | D:3      | Found a burning altar of Makhleb.
  1992 | D:3      | Became a worshipper of Makhleb the Destroyer
  2078 | D:3      | Reached XP level 5. HP: 45/45 MP: 5/5
  2453 | D:3      | Found a runed translucent door.
  2453 | D:3      | Noticed a human
  2455 | D:3      | Found a basalt altar of Yredelemnul.
  2572 | D:3      | Found a sacrificial altar of Ru.
  2572 | D:3      | Found a glowing golden altar of the Shining One.
  2893 | D:4      | Reached skill level 7 in Axes
  3033 | D:4      | Noticed an ogre
  3042 | D:4      | Killed an ogre
  3043 | D:4      | Reached skill level 8 in Axes
  3043 | D:4      | Reached XP level 6. HP: 14/51 MP: 6/6
  3377 | D:4      | Reached skill level 9 in Axes
  3671 | D:4      | Reached XP level 7. HP: 54/57 MP: 7/7
  3753 | D:4      | Reached skill level 10 in Axes
  3772 | D:4      | Reached * piety under Makhleb
  3889 | D:4      | Found a shadowy altar of Dithmenos.
  3996 | D:4      | Found a staircase to the Ecumenical Temple.
  4262 | D:5      | Entered Level 5 of the Dungeon
  4456 | D:5      | Found a sand-covered staircase.
  4463 | Ossuary  | Entered an ossuary
  5049 | D:5      | Noticed Duvessa
  5049 | D:5      | Noticed Dowan
  5065 | D:5      | Killed Dowan
  5066 | D:5      | Reached XP level 8. HP: 58/67 MP: 8/8
  5075 | D:5      | Killed Duvessa
  5416 | D:5      | Reached ** piety under Makhleb
  5577 | D:5      | Reached skill level 5 in Fighting
  6079 | D:6      | Reached skill level 1 in Invocations
  6269 | D:6      | Reached skill level 5 in Armour
  6311 | D:6      | Found a hazy altar of Hepliaklqana.
  6876 | D:6      | Reached skill level 5 in Invocations
  6876 | D:6      | Reached XP level 9. HP: 71/75 MP: 12/12
  7800 | D:7      | Reached *** piety under Makhleb
  7877 | D:7      | You fall into a shaft and drop 3 floors!
  7877 | D:10     | Entered Level 10 of the Dungeon
  8268 | D:9      | Noticed a two-headed ogre
  8281 | D:9      | Killed a two-headed ogre
  8282 | D:9      | Reached XP level 10. HP: 60/88 MP: 16/16
  8978 | D:8      | Noticed Maggie
  8989 | D:8      | Killed Maggie
  9049 | D:8      | Reached skill level 11 in Axes
  9112 | D:8      | Found a staircase to the Lair.
  9326 | D:8      | Noticed a +0 dagger
  9326 | D:8      | Noticed a +0 hand axe
  9328 | D:8      | Found a hide-covered altar of Uskayaw.
 10149 | D:9      | Reached skill level 12 in Axes
 10499 | D:9      | Noticed a catoblepas
 10555 | D:9      | Killed a catoblepas
 10698 | D:9      | Reached skill level 13 in Axes
 10799 | D:9      | Found a staircase to the Orcish Mines.
 11130 | D:9      | Found a white marble altar of Elyvilon.
 11343 | D:9      | Reached XP level 11. HP: 47/95 MP: 18/18
 11669 | D:9      | Noticed Erica
 11687 | D:9      | Killed Erica
 11688 | D:9      | Reached skill level 14 in Axes
 11962 | D:9      | Found a runed translucent door.
 11962 | D:9      | Found a runed translucent door.
 11962 | D:9      | Found a runed translucent door.
 11962 | D:9      | Noticed a cyclops
 13026 | D:11     | Noticed Psyche
 13036 | D:11     | Killed Psyche
 13256 | D:11     | Reached **** piety under Makhleb
 13621 | D:11     | Noticed Josephine
 13628 | D:11     | Killed Josephine
 13862 | D:11     | Noticed a green ugly thing
 13897 | D:11     | Killed a cyan ugly thing
 13898 | D:11     | Reached skill level 10 in Fighting
 14012 | D:11     | Noticed a boulder beetle
 14029 | D:11     | Killed a boulder beetle
 14490 | D:11     | Found a bloodstained altar of Trog.
 14693 | Lair:1   | Entered Level 1 of the Lair of Beasts
 14710 | Lair:1   | Reached skill level 1 in Evocations
 15826 | Lair:1   | Noticed an eight-headed hydra
 15846 | Lair:1   | Killed an eight-headed hydra
 15847 | Lair:1   | Reached skill level 5 in Evocations
 16392 | Lair:2   | Reached XP level 12. HP: 89/106 MP: 19/19
 17250 | Lair:2   | Noticed Fannar
 17262 | Lair:2   | Killed Fannar
 17861 | Lair:2   | Noticed Harold
 17886 | Lair:2   | Killed Harold
 17919 | Lair:2   | Reached skill level 10 in Invocations
 18548 | Lair:2   | Found a hole to the Spider Nest.
 18591 | Lair:2   | Found a staircase to the Swamp.
 18606 | Lair:2   | Reached skill level 15 in Axes
 19462 | Lair:3   | You fall into a shaft and drop 3 floors!
 19462 | Lair:6   | Entered Level 6 of the Lair of Beasts
 19751 | Lair:6   | Reached skill level 1 in Bows
 20823 | Lair:3   | Reached XP level 13. HP: 65/115 MP: 20/20
 22066 | Lair:3   | Reached skill level 5 in Bows
 23861 | Lair:4   | Reached skill level 10 in Evocations
 25740 | Lair:5   | Found a runed translucent door.
 25740 | Lair:5   | Found a viscous altar of Jiyva.
 25740 | Lair:5   | Noticed an acid blob
 25741 | Lair:5   | Noticed an acid blob
 25741 | Lair:5   | Noticed an acid blob
 26209 | Lair:5   | Found a staircase to the Slime Pits.
 27673 | Lair:6   | Reached XP level 14. HP: 113/122 MP: 21/21
 28416 | Lair:6   | Reached skill level 16 in Axes
 29034 | Lair:6   | Reached ***** piety under Makhleb
 29084 | Lair:6   | Found a runed translucent gate.
 29084 | Lair:6   | Found a runed translucent gate.
 29084 | Lair:6   | Found a runed translucent gate.
 29086 | Lair:6   | Noticed zureal's ghost (journeyman MiBe)
 31631 | Lair:6   | Reached skill level 17 in Axes
 32186 | Orc:1    | Entered Level 1 of the Orcish Mines
 32255 | Orc:1    | Killed from afar by an orc sorcerer

Illustrated notes

Levels and vault maps discovered:
D:1:      onia_arrival_mini_spirals, layout_loops_ring
D:2:      layout_basic, old_standard_altar
D:3:      layout_basic, bloody_makhleb, minitemple, dk_yredelemnul_ordeal
D:4:      layout_basic, minmay_temple_entry_metal_lava, grunt_dithmenos_shadows
D:5:      layout_gridville, nicolae_ossuary_entry_giza, uniq_duvessa
D:6:      layout_basic, lemuel_round_altar
D:7:      statuecave_lemuel, layout_loops_cross
D:8:      layout_gridville, dancing_weapons_uskayaw,
          due_lair_maze_entry_diamond, uniq_maggie
D:9:      minmay_the_grid_triangle_9x9_rhombus_full
          [minmay_the_grid_triangle_9x9_warning,
          minmay_the_grid_triangle_9x9_alien,
          minmay_the_grid_triangle_9x9_skeleton,
          minmay_the_grid_triangle_9x9_fully_insulated_deathbox,
          minmay_the_grid_triangle_9x9_flanged_cone,
          minmay_the_grid_triangle_9x9_cache,
          minmay_the_grid_triangle_9x9_zippers_horizontal,
          minmay_the_grid_triangle_9x9_prize_top_heavy], layout_cave_pods,
          hiddenorc2_lemuel, hangedman_decor_opposing, elyvilon_altar_5,
          uniq_erica
D:10:     layout_loops_ring, minmay_misc_feat_hallway, nrook_mini_backslash
D:11:     layout_roguey, basic_altar, uniq_psyche, uniq_josephine
Lair:1:   layout_loops_ring, serial_bayou_shore_b, serial_bayou_shore_a
Lair:2:   layout_chaotic_city, skrybe_swamp_entry_bodies,
          nicolae_spider_entry_orb_guardian, chequers_serial_rivers_large_b,
          bobbens_dragon_lair_wall, serial_bayou_shore_b, lemuel_fruit_tree,
          uniq_harold, uniq_fannar
Lair:3:   layout_misc_corridors, serial_bayou_shore_b
Lair:4:   layout_hall_layers, hangedman_lair_generics_rect
Lair:5:   layout_cave_shapes, slime_altar_2
Lair:6:   hangedman_lair_tendril_chambers, layout_layer_cave,
          gammafunk_ghost_necromancy, st_stairs_6, serial_bayou_lagoon_a,
          minmay_lair_oklob_chamber
Orc:1:    layout_diamond_mine, basic_altar

Skill      XL: |  1  2  3  4  5  6  7  8  9 10 11 12 13 14 |
---------------+-------------------------------------------+-----
Axes           | 3 4 5 6 8 9 10 13 14 15 17 | 17.0
Fighting       | 4 6 8 10 | 10.8
Armour         | 4 5 7 9 |  9.9
Shields        | 4 |  4.7
Invocations    | 5 9 10 | 10.4
Evocations     | 6 8 10 | 10.6
Bows           | 3 8 9 |  9.1

Action                   |  1- 3 |  4- 6 |  7- 9 | 10-12 | 13-15 || total
-------------------------+-------+-------+-------+-------+-------++-------
Melee: War axe           |    89 |   146 |   317 |   510 |   104 ||  1166
       Battleaxe         |       |       |       |       |   153 ||   153
 Fire: Longbow           |       |       |    70 |    59 |   234 ||   363
Throw: Stone             |    10 |    41 |    28 |    27 |     4 ||   110
       Javelin           |       |     2 |    44 |     2 |       ||    48
       Dart              |       |       |     2 |    11 |       ||    13
Invok: Minor Destruction |       |       |    10 |    77 |     4 ||    91
       Lesser Servant of |       |       |     2 |    47 |    13 ||    62
Evoke: Box of beasts     |       |       |       |     2 |     2 ||     4
       Condenser vane    |       |       |       |     1 |     3 ||     4
       Wand              |       |       |       |       |     8 ||     8
  Use: Potion            |       |     1 |     5 |     6 |     3 ||    15
       Scroll            |       |       |     9 |    20 |     9 ||    38
 Stab: Distracted        |       |       |       |     2 |       ||     2
Armor: Scale mail        |    40 |    55 |     9 |       |       ||   104
       Plate armour      |       |       |   199 |   525 |   279 ||  1003
Dodge: Dodged            |    27 |    46 |    73 |   236 |   166 ||   548
Block: Kite shield       |    49 |    74 |    81 |       |       ||   204
